HSSL
COWETA HS TIGERS @ ROCKY POINT HS EAGLES
04/24/2030
 
TOP OF THE 1ST
Coweta HS Tigers batting - Pitching for Rocky Point HS Eagles : RHP Franklyn DeMars
Pitching: RHP Franklyn DeMars
Batting: RHB Jeff Cutright 0-0: Foul Ball, location: 2F
0-1: Ground out 4-3 (Groundball, 4)
Batting: LHB Carlos Aponte 0-0: Foul Ball, location: 2F
0-1: Foul Ball, location: 2F
0-2: Ball
1-2: Foul Ball, location: 2F
1-2: Strikes out swinging
Batting: LHB Matt Taylor 0-0: Ball
1-0: Ball
2-0: Ground out 5-3 (Groundball, 5)
Top of the 1st over - 0 runs, 0 hits, 0 errors, 0 left on base; Coweta HS 0 - Rocky Point HS 0
BOTTOM OF THE 1ST
Rocky Point HS Eagles batting - Pitching for Coweta HS Tigers : RHP Jimmy Lewis
Pitching: RHP Jimmy Lewis
Batting: RHB Pat Mills 0-0: Ball
1-0: Ball
2-0: Ground out 5-3 (Groundball, 5)
Batting: RHB Corey Martin 0-0: Called Strike
0-1: SINGLE (Groundball, 34D)
Batting: RHB Yan Gosselin 0-0: Ball
1-0: Ball
Corey Martin steals 2nd base
2-0: Foul Ball, location: 2F
2-1: SINGLE (Groundball, 4MD)
Corey Martin to third
Batting: LHB Daryl Thomas 0-0: Called Strike
0-1: Ball
1-1: Ball
2-1: Ball
3-1: Called Strike
3-2: Foul Ball, location: 2F
3-2: Base on Balls
Yan Gosselin to second
Batting: RHB Glen Williams 0-0: Foul Ball, location: 2F
0-1: Ball
1-1: Ball
2-1: Called Strike
2-2: Foul Ball, location: 2F
2-2: Strikes out swinging
Batting: LHB Stanton Moore 0-0: Ground out 4-3 (Groundball, 4)
Bottom of the 1st over - 0 runs, 2 hits, 0 errors, 3 left on base; Coweta HS 0 - Rocky Point HS 0
TOP OF THE 2ND
Coweta HS Tigers batting - Pitching for Rocky Point HS Eagles : RHP Franklyn DeMars
Batting: RHB Javier Escalante 0-0: Ball
1-0: Foul Ball, location: 2F
1-1: Ball
2-1: Foul Ball, location: 2F
2-2: Ball
3-2: Base on Balls
Batting: RHB José Avilés 0-0: Ball
1-0: Called Strike
1-1: Swinging Strike
1-2: Strikes out swinging
Batting: RHB Jim Díaz 0-0: Ball
1-0: Ball
2-0: Fly out, F9 (Flyball, 9LS)
Batting: RHB Kevin Harrington Pickoff Throw to First - Out!
Top of the 2nd over - 0 runs, 0 hits, 0 errors, 0 left on base; Coweta HS 0 - Rocky Point HS 0
BOTTOM OF THE 2ND
Rocky Point HS Eagles batting - Pitching for Coweta HS Tigers : RHP Jimmy Lewis
Batting: LHB Mark McGillis 0-0: Swinging Strike
0-1: Ball
1-1: Swinging Strike
1-2: Strikes out swinging
Batting: RHB Robby Dunbar 0-0: Ball
1-0: Ball
2-0: Called Strike
2-1: Foul Ball, location: 2F
2-2: Fly out, F9 (Flyball, 9)
Batting: RHB Kevin Gibson 0-0: Called Strike
0-1: Ball
1-1: Foul Ball, location: 2F
1-2: Ball
2-2: SINGLE (Groundball, 6D)
Batting: RHB Pat Mills 0-0: Ball
1-0: Ball
2-0: Ground out 1-3 (Groundball, P)
Bottom of the 2nd over - 0 runs, 1 hit, 0 errors, 1 left on base; Coweta HS 0 - Rocky Point HS 0
TOP OF THE 3RD
Coweta HS Tigers batting - Pitching for Rocky Point HS Eagles : RHP Franklyn DeMars
Batting: RHB Kevin Harrington 0-0: Ball
1-0: Ball
2-0: Ball
3-0: Called Strike
3-1: Foul Ball, location: 2F
3-2: SOLO HOME RUN (Line Drive, 7D), Distance : 392 ft
Batting: LHB Clarence Sargent 0-0: Ball
1-0: Called Strike
1-1: Foul Ball, location: 2F
1-2: Strikes out looking
Batting: SHB Mike Bryant 0-0: Ball
1-0: Foul Ball, location: 2F
1-1: Foul Ball, location: 2F
1-2: Ball
2-2: Ball
3-2: Strikes out swinging
Batting: RHB Jeff Cutright 0-0: Ball
1-0: Fly out, F6 (Popup, 6)
Top of the 3rd over - 1 run, 1 hit, 0 errors, 0 left on base; Coweta HS 1 - Rocky Point HS 0
BOTTOM OF THE 3RD
Rocky Point HS Eagles batting - Pitching for Coweta HS Tigers : RHP Jimmy Lewis
Batting: RHB Corey Martin 0-0: Foul Ball, location: 2F
0-1: Ball
1-1: SINGLE (Groundball, 34S) (infield hit)
Batting: RHB Yan Gosselin 0-0: Ball
1-0: Foul Ball, location: 2F
1-1: Called Strike
1-2: Foul Ball, location: 2F
1-2: Strikes out swinging
Batting: LHB Daryl Thomas 0-0: Ball
Corey Martin is caught stealing 2nd base
1-0: Ground out 4-3 (Groundball, 4)
Bottom of the 3rd over - 0 runs, 1 hit, 0 errors, 0 left on base; Coweta HS 1 - Rocky Point HS 0
TOP OF THE 4TH
Coweta HS Tigers batting - Pitching for Rocky Point HS Eagles : RHP Franklyn DeMars
Batting: LHB Carlos Aponte 0-0: Ball
1-0: Called Strike
1-1: Fly out, F9 (Flyball, 89M)
Batting: LHB Matt Taylor 0-0: Ball
1-0: Ball
2-0: Called Strike
2-1: Ground out 6-3 (Groundball, 6)
Batting: RHB Javier Escalante 0-0: Ball
1-0: Ground out 4-3 (Groundball, 34)
Top of the 4th over - 0 runs, 0 hits, 0 errors, 0 left on base; Coweta HS 1 - Rocky Point HS 0
BOTTOM OF THE 4TH
Rocky Point HS Eagles batting - Pitching for Coweta HS Tigers : RHP Jimmy Lewis
Batting: RHB Glen Williams 0-0: Called Strike
0-1: Called Strike
0-2: Ball
1-2: Foul Ball, location: 2F
1-2: Ball
2-2: Ground out 6-3 (Groundball, 6)
Batting: LHB Stanton Moore 0-0: Ball
1-0: Called Strike
1-1: Fly out, F8 (Line Drive, 8LD)
Batting: LHB Mark McGillis 0-0: Ball
1-0: Ball
2-0: Ball
3-0: Base on Balls
Batting: RHB Robby Dunbar 0-0: Ball
1-0: Ground out 4-3 (Groundball, 4)
Bottom of the 4th over - 0 runs, 0 hits, 0 errors, 1 left on base; Coweta HS 1 - Rocky Point HS 0
TOP OF THE 5TH
Coweta HS Tigers batting - Pitching for Rocky Point HS Eagles : RHP Franklyn DeMars
Batting: RHB José Avilés 0-0: Ball
1-0: Ball
2-0: Ball
3-0: Called Strike
3-1: Ground out 6-3 (Groundball, 6)
Batting: RHB Jim Díaz 0-0: Called Strike
0-1: Ball
1-1: Ground out 6-3 (Groundball, 6)
Batting: RHB Kevin Harrington 0-0: Fly out, F8 (Line Drive, 8LD)
Top of the 5th over - 0 runs, 0 hits, 0 errors, 0 left on base; Coweta HS 1 - Rocky Point HS 0
BOTTOM OF THE 5TH
Rocky Point HS Eagles batting - Pitching for Coweta HS Tigers : RHP Jimmy Lewis
Batting: RHB Kevin Gibson 0-0: Called Strike
0-1: Ball
1-1: Fly out, F9 (Flyball, 9D)
Batting: RHB Pat Mills 0-0: Ball
1-0: Foul Ball, location: 2F
1-1: Called Strike
1-2: Foul Ball, location: 2F
1-2: Foul Ball, location: 2F
1-2: Ball
2-2: Ground out 5-3 (Groundball, 56)
Batting: RHB Corey Martin 0-0: Ball
1-0: Ball
2-0: Ball
3-0: Base on Balls
Batting: RHB Yan Gosselin 0-0: Ball
1-0: DOUBLE (Line Drive, 9D)
Corey Martin to third
Pitching: RHP Ralph Lee
Batting: LHB Daryl Thomas 0-0: Swinging Strike
0-1: Swinging Strike
0-2: Ball
1-2: Strikes out swinging
Bottom of the 5th over - 0 runs, 1 hit, 0 errors, 2 left on base; Coweta HS 1 - Rocky Point HS 0
TOP OF THE 6TH
Coweta HS Tigers batting - Pitching for Rocky Point HS Eagles : RHP Franklyn DeMars
Batting: LHB Clarence Sargent 0-0: Called Strike
0-1: Ball
1-1: SINGLE (Line Drive, 78S)
Batting: SHB Mike Bryant 0-0: Ball
1-0: Ball
2-0: Foul Ball, location: 2F
2-1: Foul Ball, location: 2F
2-2: Strikes out swinging
Clarence Sargent is caught stealing 2nd base
Batter strikes out.
Batting: RHB Jeff Cutright 0-0: Called Strike
0-1: Ball
1-1: Called Strike
1-2: Ball
2-2: Strikes out swinging
Top of the 6th over - 0 runs, 1 hit, 0 errors, 0 left on base; Coweta HS 1 - Rocky Point HS 0
BOTTOM OF THE 6TH
Rocky Point HS Eagles batting - Pitching for Coweta HS Tigers : RHP Ralph Lee
Batting: RHB Glen Williams 0-0: Foul Ball, location: 2F
0-1: Foul Ball, location: 2F
0-2: Ball
1-2: Strikes out looking
Batting: LHB Stanton Moore 0-0: Called Strike
0-1: Ball
1-1: Foul Ball, location: 2F
1-2: Foul Ball, location: 2F
1-2: Strikes out swinging
Batting: LHB Mark McGillis 0-0: Called Strike
0-1: Foul Ball, location: 2F
0-2: Foul Ball, location: 2F
0-2: Ball
1-2: Strikes out swinging
Bottom of the 6th over - 0 runs, 0 hits, 0 errors, 0 left on base; Coweta HS 1 - Rocky Point HS 0
TOP OF THE 7TH
Coweta HS Tigers batting - Pitching for Rocky Point HS Eagles : RHP Franklyn DeMars
Batting: LHB Carlos Aponte 0-0: Ball
1-0: Fly out, F5 (Popup, 56S)
Batting: LHB Matt Taylor 0-0: Ground out 4-3 (Groundball, 4)
Batting: RHB Javier Escalante 0-0: Ball
1-0: Foul Ball, location: 2F
1-1: Foul Ball, location: 2F
1-2: Ball
2-2: Foul Ball, location: 2F
2-2: Strikes out swinging
Top of the 7th over - 0 runs, 0 hits, 0 errors, 0 left on base; Coweta HS 1 - Rocky Point HS 0
BOTTOM OF THE 7TH
Rocky Point HS Eagles batting - Pitching for Coweta HS Tigers : RHP Ralph Lee
Batting: RHB Robby Dunbar 0-0: SOLO HOME RUN (Flyball, 78XD), Distance : 405 ft
Batting: RHB Kevin Gibson 0-0: Foul Ball, location: 2F
0-1: Ball
1-1: Ball
2-1: Foul Ball, location: 2F
2-2: SINGLE (Flyball, 8RS)
Batting: RHB Pat Mills 0-0: Ball
1-0: Foul Ball, location: 2F
1-1: Called Strike
1-2: Strikes out swinging
Batting: RHB Corey Martin 0-0: Ball
1-0: Foul Ball, location: 2F
1-1: Ball
2-1: Foul Ball, location: 2F
2-2: Ball
3-2: Ground out 6-3 (Groundball, 6)
Kevin Gibson to second
Batting: RHB Yan Gosselin 0-0: Ball
1-0: Ball
2-0: Ball
3-0: Base on Balls
Pitching: LHP Mitchell Molina
Batting: LHB Daryl Thomas 0-0: Swinging Strike
0-1: Ground out U3 (Groundball, 3)
Bottom of the 7th over - 1 run, 2 hits, 0 errors, 2 left on base; Coweta HS 1 - Rocky Point HS 1
TOP OF THE 8TH
Coweta HS Tigers batting - Pitching for Rocky Point HS Eagles : RHP Franklyn DeMars
Pitching: LHP Brian Goulet
Batting: RHB José Avilés 0-0: Ball
1-0: Ground out 6-3 (Groundball, 6M)
Batting: RHB Jim Díaz 0-0: Ball
1-0: Ball
2-0: SINGLE (Groundball, 4MD)
Batting: RHB Kevin Harrington 0-0: Swinging Strike
0-1: Ball
1-1: Called Strike
1-2: Hit by Pitch
Jim Díaz to second
Pinch Hitting: LHB Edward Cook 0-0: Ball
1-0: Called Strike
1-1: Foul Ball, location: 2F
1-2: Ball
2-2: Ball
3-2: SINGLE (Flyball, 89M)
Jim Díaz to third
Kevin Harrington to second
Batting: SHB Mike Bryant 0-0: Called Strike
0-1: GRAND SLAM HOME RUN (Flyball, 7D), Distance : 373 ft
Pitching: LHP Ron Parker
Batting: RHB Jeff Cutright 0-0: Ball
1-0: Called Strike
1-1: Single, Error in OF, E8, batter to second base
Batting: LHB Carlos Aponte 0-0: Called Strike
0-1: Ball
1-1: Ball
2-1: Foul Ball, location: 2F
2-2: Foul Ball, location: 2F
2-2: Ball
3-2: Base on Balls
Batting: LHB Matt Taylor 0-0: Foul Ball, location: 2F
0-1: Ball
1-1: Hit by Pitch
Jeff Cutright to third
Carlos Aponte to second
Batting: RHB Javier Escalante 0-0: Fly out, F9 (Flyball, 9S)
Runner from 3rd tags up, SCORES, throw made
Batting: RHB José Avilés 0-0: Ball
1-0: Called Strike
1-1: Ball
2-1: Ball
3-1: Foul Ball, location: 2F
3-2: Strikes out swinging
Top of the 8th over - 5 runs, 4 hits, 1 error, 2 left on base; Coweta HS 6 - Rocky Point HS 1
BOTTOM OF THE 8TH
Rocky Point HS Eagles batting - Pitching for Coweta HS Tigers : LHP Mitchell Molina
Pitching: RHP Corey Wyatt
Now in RF: George Ashley
Batting: RHB Glen Williams 0-0: Swinging Strike
0-1: Ball
1-1: Ball
2-1: Ball
3-1: Called Strike
3-2: Base on Balls
Batting: LHB Stanton Moore 0-0: Ball
1-0: Ball
2-0: Ball
3-0: Called Strike
3-1: Foul Ball, location: 2F
3-2: Base on Balls
Glen Williams to second
Batting: LHB Mark McGillis 0-0: Called Strike
0-1: Ball
1-1: Foul Ball, location: 2F
1-2: Foul Ball, location: 2F
1-2: Ball
2-2: SINGLE (Line Drive, 6M)
Glen Williams to third
Stanton Moore to second
Batting: RHB Robby Dunbar 0-0: Called Strike
0-1: Ball
1-1: Called Strike
1-2: Ball
2-2: Strikes out swinging
Batting: RHB Kevin Gibson 0-0: GRAND SLAM HOME RUN (Flyball, 7D), Distance : 381 ft
Pitching: RHP Steve Jackson
Batting: RHB Pat Mills 0-0: SINGLE (Flyball, 8LS)
Batting: RHB Corey Martin 0-0: Ball
1-0: Called Strike
1-1: Ball
2-1: Called Strike
2-2: Foul Ball, location: 2F
2-2: Ball
3-2: Strikes out swinging
Batting: RHB Yan Gosselin 0-0: Called Strike
0-1: Foul Ball, location: 2F
0-2: Foul Ball, location: 2F
0-2: Strikes out swinging
Bottom of the 8th over - 4 runs, 3 hits, 0 errors, 1 left on base; Coweta HS 6 - Rocky Point HS 5
TOP OF THE 9TH
Coweta HS Tigers batting - Pitching for Rocky Point HS Eagles : LHP Ron Parker
Pitching: RHP Hamilton Borges
Batting: RHB Jim Díaz 0-0: Ball
1-0: Called Strike
1-1: Called Strike
1-2: Strikes out swinging
Batting: RHB Kevin Harrington 0-0: Called Strike
0-1: SOLO HOME RUN (Flyball, 7D), Distance : 378 ft
Batting: RHB George Ashley 0-0: Called Strike
0-1: Ball
1-1: Foul Ball, location: 2F
1-2: Ground out 1-3 (Groundball, 13)
Batting: SHB Mike Bryant 0-0: TRIPLE (Flyball, 78XD)
Batting: RHB Jeff Cutright 0-0: Called Strike
0-1: Foul Ball, location: 2F
Balk!
Mike Bryant scores
0-2: Ball
1-2: Foul Ball, location: 2F
1-2: Ball
2-2: Ground out 5-3 (Groundball, 5L)
Top of the 9th over - 2 runs, 2 hits, 0 errors, 0 left on base; Coweta HS 8 - Rocky Point HS 5
BOTTOM OF THE 9TH
Rocky Point HS Eagles batting - Pitching for Coweta HS Tigers : RHP Steve Jackson
Pitching: LHP Bryan Hatfield
Batting: LHB Daryl Thomas 0-0: Called Strike
0-1: Called Strike
0-2: Foul Ball, location: 2F
0-2: Ball
1-2: Strikes out swinging
Batting: RHB Glen Williams 0-0: Ball
1-0: Ball
2-0: Called Strike
2-1: Ball
3-1: Swinging Strike
3-2: Base on Balls
Batting: LHB Stanton Moore 0-0: Called Strike
0-1: Foul Ball, location: 2F
0-2: Ball
1-2: Strikes out looking
Batting: LHB Mark McGillis 0-0: Ball
1-0: Called Strike
1-1: Ball
2-1: Ball
3-1: Called Strike
3-2: Base on Balls
Glen Williams to second
Batting: RHB Robby Dunbar 0-0: Ball
1-0: Foul Ball, location: 2F
1-1: Foul Ball, location: 2F
1-2: Ball
2-2: Ball
3-2: Strikes out swinging
Bottom of the 9th over - 0 runs, 0 hits, 0 errors, 2 left on base; Coweta HS 8 - Rocky Point HS 5
Saturday, April 7th, 2018 - OOTP Baseball 18.8 Build 76